 Dungeon Crawl Stone Soup version 0.30-a0-862-g1aabd4f9c5 (webtiles) character file.

Game seed: 13930301300720535000

5 hellse the Sneak (level 1, -1/22 HPs)
             Began as a Troll Delver on Mar 9, 2023.
             Slain by Edmund
             ... wielding a +2 flail of holy wrath
              (3 damage)
             ... on level 4 of the Dungeon.
             The game lasted 00:00:32 (105 turns).

hellse the Sneak (Troll Delver)                      Turns: 105, Time: 00:00:33

Health: -1/22      AC:  4    Str: 19    XL:     1   Next: 66%
Magic:  0/0        EV:  9    Int:  6    God:
Gold:   0          SH:  0    Dex: 11    Spells: 0/0 levels left

rFire   . . .      SeeInvis .      - Unarmed
rCold   . . .      Faith    .    (no shield)
rNeg    . . .      Spirit   .    a - +0 robe
rPois   .          Reflect  .    (helmet restricted)
rElec   .          Rampage  .    (no cloak)
rCorr   .                        (gloves unavailable)
Will    .....                    (boots unavailable)
Stlth   ++                       (no amulet)
HPRegen 1.03/turn                (no ring)
MPRegen 0.07/turn                (no ring)

@: no status effects
A: large, unfitting armour, claws 3, regeneration 1, shaggy fur 1, tough skin 1
a: no special abilities


You were on level 4 of the Dungeon.
You visited 1 branch of the dungeon, and saw 2 of its levels.

Inventory:

Armour
 a - a +0 robe (worn)
Wands
 f - a wand of digging (3)
Scrolls
 b - a scroll of fog
 d - 2 scrolls of fear
Potions
 c - a potion of flight {unknown}
 e - a potion of haste


   Skills:
 - Level 2.4 Fighting
 - Level 1.6 Dodging
 - Level 2.8 Stealth
 + Level 2.3 Unarmed Combat


You couldn't memorise any spells.
You didn't know any spells.
Your spell library was empty.

Dungeon Overview and Level Annotations

Branches:
Dungeon (5/15)
 Temple: D:4-7

Altars:

Annotations:
D:4 Edmund, Eustachio


Innate Abilities, Weirdness & Mutations

You are too large for most types of armour.
You have claws for hands.
Your natural rate of healing is unusually fast.
You are covered in fur. (AC +1)
You have tough skin. (AC +1)


Message History

The ball python closely misses you.
The ball python attacks as you move away!
The ball python bites you but does no damage.
The ball python hisses angrily.
The ball python attacks as you move away!
The ball python bites you. The ball python closely misses you.
Found a yellow potion.
The ball python bites you. The ball python barely misses you.
Found a ring mail and a tapered gold wand.
The ball python attacks as you move away!
The ball python bites you but does no damage.
You see here a yellow potion.
The ball python barely misses you.
You barely miss the ball python.
The ball python bites you but does no damage. x2
You scratch the ball python.
You kill the ball python!
You scratch the ball python. Your claw misses the ball python.
The ball python is severely wounded.
The ball python barely misses you.
You scratch the ball python.
You kill the ball python!
You closely miss Edmund.
Edmund hits you with a +2 flail of holy wrath.
You barely miss Edmund.
Edmund hits you with a +2 flail of holy wrath!
You are too injured to fight recklessly!
You are too injured to fight recklessly!
You are too injured to fight recklessly!
You closely miss Edmund.
Edmund hits you with a +2 flail of holy wrath.
* * * LOW HITPOINT WARNING * * *
You scratch Edmund but do no damage.
Edmund says, "People think my brother is the best.
I think he's crazy."
Edmund hits you with a +2 flail of holy wrath.
* * * LOW HITPOINT WARNING * * *
You scratch Edmund.
Edmund is lightly wounded.
Edmund hits you with a +2 flail of holy wrath.
You die...

.......@#.#.#.#.####.#
........'..###..S@##.#
........#.#K#/#.#....#
........#.##.##.####.#
........#.......####.#
..K.....#########..S.#
........# #....###
........# #####.###.#
###+### #.[@@!....#
#.###.....# ..
#####..# ## ./. .. .


You could see Edmund.

Vanquished Creatures
  An orc (D:4)
  A goblin (D:4)
  2 ball pythons (D:4)
4 creatures vanquished.

Notes
Turn   | Place    | Note
-------+----------+-------------------------------------------
     0 | D:5      | hellse the Troll Delver began the quest for the Orb.
     0 | D:5      | Reached XP level 1. HP: 22/22 MP: 0/0
    54 | D:4      | Noticed Eustachio
    65 | D:4      | HP: 1/22 [Eustachio/+0 rapier (5)]
    67 | D:4      | Noticed Edmund
   104 | D:4      | HP: 1/22 [Edmund/+2 flail of holy wrath (4)]
   105 | D:4      | Slain by Edmund

Illustrated notes

Levels and vault maps discovered:
D:4:      layout_basic, minmay_temple_entry_junction, kennysheep_generic_room_9,
          uniq_natasha, uniq_robin, uniq_edmund, uniq_eustachio
D:5:      layout_loops_cross, grunt_temple_overflow_order_and_chaos_1,
          mainiacjoe_overflow_six_doors_small, uniq_pikel

Action                     || total
---------------------------++-------
  Melee: Unarmed           ||    22
    Use: Scroll            ||     1
 Armour: Robe              ||    14
  Dodge: Dodged            ||    19

Table legend: (Time is in decaauts)
 A = Elapsed time spent in this place.
 B = Non-inter-level travel time spent in this place.
 C = Inter-level travel time spent in this place.
 D = Time resting spent in this place.
 E = Time spent auto-exploring this place.
 F = Levels seen in this place.
 G = Mean time per level.
                   A        B        C        D        E       F      G
               +--------+--------+--------+--------+--------+-----+--------+
         Total |    104 |     85 |     19 |      0 |     14 |   2 |   52.0 |
       Dungeon |    104 |     85 |     19 |      0 |     14 |   2 |   52.0 |
               +--------+--------+--------+--------+--------+-----+--------+

Top non-repeatable levels by time:
     D:4: 80 daAuts
     D:5: 24 daAuts
